 Dungeon Crawl Stone Soup version 0.23-a0-352-geaabbf348b (webtiles) character file.

44 Azzok the Digger (level 3, -12/21 HPs)
             Began as an Octopode Earth Elementalist on Oct 21, 2018.
             Killed by divine providence
             ... invoked by an orc priest
              (13 damage)
             ... on level 2 of the Dungeon.
             The game lasted 00:02:02 (1487 turns).

Azzok the Digger (Octopode Earth Elementalist)      Turns: 1487, Time: 00:02:03

Health: -12/21     AC:  1    Str:  7    XL:     3   Next: 62%
Magic:  0/6        EV: 13    Int: 18    God:
Gold:   70         SH:  0    Dex: 12    Spells: 2/6 levels left

rFire    . . .     SeeInvis .   f - +0 dagger (venom)
rCold    . . .     Gourm    .   (no shield)
rNeg     . . .     Faith    .   (helmet restricted)
rPois    .         Spirit   .   (no amulet)
rElec    .         Reflect  .   (no ring)
rCorr    .         Harm     .   (no ring)
MR       .....                  (no ring)
Stlth    +++.......             (no ring)
HPRegen  0.07/turn              (no ring)
MPRegen  0.10/turn              (no ring)
                                (no ring)
                                (no ring)

@: no status effects
A: almost no armour, stealthy swim, amphibious, 8 rings, constrict 8, camouflage
1, gelatinous body 1
a: no special abilities


You were on level 2 of the Dungeon.
You were very hungry.

You visited 1 branch of the dungeon, and saw 2 of its levels.

You collected 70 gold pieces.

Inventory:

Hand Weapons
 f - a +0 dagger of venom (weapon)
Missiles
 b - 50 stones (quivered)
Scrolls
 a - a scroll of fear {unknown}
 d - a scroll of identify {unknown}
 g - a scroll of remove curse {unknown}
Potions
 e - a potion of cancellation {unknown}
Comestibles
 c - 2 rations


   Skills:
 - Level 2.0 Dodging
 - Level 2.6 Stealth
 - Level 2.0 Spellcasting
 + Level 0.5 Conjurations
   Level 1.0 Transmutations
 + Level 4.4 Earth Magic


You had 2 spell levels left.
You knew the following spells:

 Your Spells              Type           Power        Failure   Level  Hunger
a - Sandblast             Erth           ###...       3%          1    #......
b - Stone Arrow           Conj/Erth      ##....       21%         3    ###....

Your spell library contained the following spells:

 Spells                   Type           Power        Failure   Level  Hunger
 Passwall                 Tmut/Erth      ##......     9%          2    ###....
 Petrify                  Tmut/Erth      ##......     52%         4    #####..
 Lee's Rapid Deconstruct  Erth           ###.......   63%         5    ######.


Dungeon Overview and Level Annotations

Branches:
Dungeon (2/15)

Altars:


Innate Abilities, Weirdness & Mutations

You cannot wear most types of armour.
You are very stealthy in the water. (Stealth+)
You are amphibious.
You can wear up to eight rings at the same time.
You can use your tentacles to constrict eight enemies at once.
Your skin changes colour to match your surroundings (Stealth+).
Your rubbery body absorbs attacks. (AC +1, EV +1)


Message History

Aim: an orc priest, wielding a +0 dagger The blast of sand hits the orc priest.
The orc priest is heavily wounded.
b - 50 stones
* * * LOW MAGIC WARNING * * *
The orc priest barely misses you.
You barely miss the orc priest. Your grab misses the orc priest.
The orc priest is heavily wounded.
The orc priest barely misses you. The orc misses you.
You hit the orc priest but do no damage.
Your grab misses the orc priest. You squeeze the orc priest.
The orc priest is severely wounded.
The orc priest closely misses you. The orc hits you with a flail.
* * * LOW HITPOINT WARNING * * *
You closely miss the orc priest. Your grab misses the orc priest.
The orc priest is severely wounded.
The orc priest invokes the aid of Beogh against you.
Beogh smites you!
Ouch! That really hurt!
You die...

▒·▒▒▒▒▒ ▒·▒
▒'▒▒ ▒▒···▒▒
▒▒·o···▒▒
▒▒·······▒▒
·▒▒▒▒··o······▒
····'··oo·····╬
▒·†@······▒
▒▒·······▒▒
▒▒·····▒▒
▒▒···▒▒ ▒╬▒▒


You could see an orc priest and 3 orcs.

Vanquished Creatures
  2 adders (D:2)
  A leopard gecko (D:1)
  A giant cockroach (D:1)
  A goblin (D:2)
  5 hobgoblins
  2 jackals (D:1)
  3 kobolds
  5 bats (D:1)
  A frilled lizard (D:1)
  3 rats (D:1)
24 creatures vanquished.

Notes
Turn   | Place    | Note
-------+----------+-------------------------------------------
     0 | D:1      | Azzok the Octopode Earth Elementalist began the quest for
                  | the Orb.
     0 | D:1      | Reached XP level 1. HP: 11/11 MP: 3/3
   406 | D:1      | Reached XP level 2. HP: 17/17 MP: 1/5
   895 | D:1      | Reached skill level 4 in Earth Magic
  1354 | D:2      | Reached XP level 3. HP: 16/21 MP: 4/6
  1360 | D:2      | Learned a level 3 spell: Stone Arrow
  1408 | D:2      | Noticed an orc warrior
  1486 | D:2      | HP: 1/21 [orc/flail (4)]
  1487 | D:2      | Killed from afar by an orc priest

Vault maps used:
D:1:      matt_arrival_refuge, solitary_fountain, minmay_misc_feat_iff
D:2:      chequers_ecumenical_altar_simple

Skill      XL: |  1  2 |
---------------+-------+-----
Earth Magic    | 4 |  4.4
Dodging        | |  2.0
Stealth        | |  2.6
Spellcasting   | |  2.0
Conjurations   | |  0.5
Transmutations | |  1.0

Action                   || total
-------------------------++-------
Melee: Unarmed           ||    38
       Constrict         ||    14
       Tentacles         ||    12
       Dagger            ||     5
 Cast: Sandblast         ||    18
       Stone Arrow       ||     1
 Stab: Sleeping          ||     7
  Eat: Chunk             ||     1
Armor: Skin              ||     4
Dodge: Dodged            ||    45

Table legend:
 A = Non-vault XP
 B = Vault XP
 C = Vault XP percentage of total XP
 D = Non-vault monster count
 E = Vault monster count
 F = Vault count percentage of total count
                 A         B        C        D         E       F
            +---------+---------+-------+---------+---------+-------
      Total |      64 |       0 |   0.0 |      24 |       0 |   0.0
            +---------+---------+-------+---------+---------+-------
        D:1 |      32 |       0 |   0.0 |      19 |       0 |   0.0
        D:2 |      32 |       0 |   0.0 |       5 |       0 |   0.0
            +---------+---------+-------+---------+---------+-------
